 Dungeon Crawl Stone Soup version 0.24.0-13-gcf9b3192b9 (webtiles) character file.

Game seed: 2943347750153119, levelgen mode: deterministic

587 sking99 the Cleaver (level 7, -1/62 HPs)
             Began as a Hill Orc Monk on Nov 9, 2019.
             Was a Believer of Qazlal.
             Slain by a hound (6 damage)
             ... on level 5 of the Dungeon.
             The game lasted 00:07:42 (5934 turns).

sking99 the Cleaver (Hill Orc Monk)                 Turns: 5934, Time: 00:07:42

Health: -1/62      AC: -2    Str: 16    XL:     7   Next: 38%
Magic:  9/9        EV:  7    Int: 10    God:    Qazlal [**....]
Gold:   308        SH:  8    Dex: 13    Spells: 6/6 levels left

rFire    . . .     SeeInvis .   a - +0 hand axe
rCold    . . .     Gourm    .   h - +1 buckler
rNeg     . . .     Faith    .   o - +0 chain mail (curse)
rPois    +         Spirit   .   (no helmet)
rElec    .         Reflect  .   (no cloak)
rCorr    .         Harm     .   b - +1 pair of gloves "Jyutagar" {-Cast rPois MR++}
MR       ++...     NoCast   +   (no boots)
Stlth    ..........             (no amulet)
HPRegen  0.20/turn              (no ring)
MPRegen  0.11/turn              (no ring)

@: corroded
A: no striking features
a: Upheaval, Renounce Religion


You were on level 5 of the Dungeon.
You worshipped Qazlal.
Qazlal was pleased with you.
You were not hungry.

You visited 1 branch of the dungeon, and saw 5 of its levels.

You collected 308 gold pieces.

Inventory:

Hand Weapons
 a - a +0 hand axe (weapon)
Missiles
 q - 101 stones (quivered)
Armour
 b - the +1 pair of gloves "Jyutagar" (worn) {-Cast rPois MR++}
   (You found it on level 4 of the Dungeon)

   It protects you from poison.
   It affects your resistance to hostile enchantments.
   It prevents spellcasting.
 h - a +1 buckler (worn)
 o - a cursed +0 chain mail (worn)
Wands
 n - a wand of flame (32)
Scrolls
 e - a scroll of amnesia
 g - a scroll of immolation {unknown}
 j - 4 scrolls of teleportation
 p - a scroll of enchant armour
Potions
 d - 2 potions of curing
 i - a potion of mutation
 k - a potion of brilliance
 l - a potion of cancellation
Comestibles
 c - 10 rations


   Skills:
 + Level 5.7 Fighting
 * Level 8.0 Axes
 - Level 2.4 Dodging
 - Level 1.5 Stealth
 + Level 3.2 Shields
 + Level 3.0 Invocations


You had 6 spell levels left.
You didn't know any spells.
Your spell library contained the following spells:

 Spells                   Type           Power        Failure   Level  Hunger
 Animate Skeleton         Necr           N/A          100%        1    ##.....
 Apportation              Tloc           #.....       100%        1    ##.....
 Confusing Touch          Hex            #.....       100%        1    ##.....
 Summon Small Mammal      Summ           #...         100%        1    ##.....


Dungeon Overview and Level Annotations

Branches:
Dungeon (5/15)
 Temple: D:4-7

Altars:
Kikubaaqudgha
Qazlal


Message History

The jelly hits you. The acid corrodes you!
You are splashed with acid!
You are too injured to fight recklessly!
You are too injured to fight recklessly!
You are too injured to fight recklessly!
You hit the jelly but do no damage.
Your hands burn!
* * * LOW HITPOINT WARNING * * *
The jelly is almost dead.
The jelly hits you.
* * * LOW HITPOINT WARNING * * *
You are splashed with acid!
* * * LOW HITPOINT WARNING * * *
You see here a scroll labeled INIFYNT PIPASE.
The jelly jiggles.
The jelly closely misses you.
All of the chunks of flesh in your inventory have rotted away.
A hound comes into view.
The hound moves out of view.
You block the hound's attack. The hound bites you.
You die...

#.######.# #........###
#..........#
#.####J..#.##
#.###.#.....#####.#
#.##.##...........#
#####.###J##....#######
#..........#.#.##
#...<..@h.#..#.#
#.........##.#.#
#.........##.#.#
...........##.#.#
###............#.#
#..........###.#
#..........# #.###
#..........# #...#
###.#


You could see a hound and a jelly.

Vanquished Creatures
  Grinder (D:4)
  An ogre (D:4)
  A howler monkey (D:5)
  A jelly (D:5)
  2 hounds
  A worker ant (D:4)
  8 adders
  2 dart slugs
  2 leopard geckos
  An orc (D:3)
  6 bats
  4 giant cockroaches
  13 goblins
  10 hobgoblins
  6 jackals
  2 quokkas (D:3)
  5 frilled lizards
  8 kobolds
  8 rats
82 creatures vanquished.

Notes
Turn   | Place    | Note
-------+----------+-------------------------------------------
     0 | D:1      | sking99 the Hill Orc Monk began the quest for the Orb.
     0 | D:1      | Reached XP level 1. HP: 19/19 MP: 1/1
   546 | D:1      | Reached XP level 2. HP: 21/27 MP: 2/2
   861 | D:1      | Reached skill level 5 in Axes
   900 | D:1      | Reached XP level 3. HP: 33/33 MP: 3/3
  2194 | D:2      | Reached XP level 4. HP: 41/41 MP: 4/4
  2406 | D:2      | Reached skill level 1 in Shields
  2879 | D:2      | Reached skill level 6 in Axes
  3165 | D:2      | Reached XP level 5. HP: 20/47 MP: 5/5
  4620 | D:4      | Noticed Grinder
  4620 | D:4      | Paralysed by Grinder for 7 turns
  4634 | D:4      | Paralysed by Grinder for 2 turns
  4871 | D:4      | Got a pair of encrusted gloves
  4882 | D:4      | Identified the +1 pair of gloves "Jyutagar" {-Cast rPois
                  | MR++} (You found it on level 4 of the Dungeon)
  4905 | D:4      | Found a stormy altar of Qazlal.
  4911 | D:4      | Became a worshipper of Qazlal Stormbringer
  4911 | D:4      | Reached * piety under Qazlal
  4911 | D:4      | Reached ** piety under Qazlal
  4915 | D:4      | Noticed an ogre
  4944 | D:4      | Killed an ogre
  4944 | D:4      | Reached skill level 5 in Fighting
  4944 | D:4      | Reached skill level 1 in Invocations
  4944 | D:4      | Reached XP level 6. HP: 46/56 MP: 6/6
  5008 | D:4      | Reached skill level 7 in Axes
  5425 | D:4      | Killed Grinder
  5425 | D:4      | Reached XP level 7. HP: 58/61 MP: 8/8
  5664 | D:5      | Entered Level 5 of the Dungeon
  5678 | D:5      | Found an ancient bone altar of Kikubaaqudgha.
  5873 | D:5      | Reached skill level 8 in Axes
  5916 | D:5      | HP: 1/62 [acid (11)]
  5934 | D:5      | Slain by a hound

Levels and vault maps discovered:
D:1:      dpeg_arrival_morbid_curiosity, layout_loops_corners
D:2:      layout_loops_corners, hangedman_abyss_or_decor_lesser_grid
D:3:      layout_loops_cross, minmay_goblin_outpost
D:4:      layout_cave_pools, grunt_qazlal_sundering, uniq_grinder
D:5:      layout_loops_ring, first_ration, basic_altar,
          chequers_serial_rivers_room_b, minmay_misc_feat_doors,
          roderic_roman_lattice

Skill      XL: |  1  2  3  4  5  6  7 |
---------------+----------------------+-----
Fighting       | 4 5 |  5.7
Axes           | 5 6 7 8 |  8.0
Shields        | 1 2 3 |  3.2
Invocations    | 1 2 3 |  3.0
Dodging        | |  2.4
Stealth        | |  1.5

Action                   |  1- 3 |  4- 6 |  7- 9 || total
-------------------------+-------+-------+-------++-------
Melee: Hand axe          |   118 |   207 |    60 ||   385
  Use: Scroll            |       |    11 |       ||    11
       Potion            |       |     2 |       ||     2
 Stab: Sleeping          |     2 |       |       ||     2
  Eat: Chunk             |     2 |    12 |     2 ||    16
Armor: Robe              |     1 |       |       ||     1
       Ring mail         |    34 |    68 |       ||   102
       Leather armour    |     8 |       |       ||     8
       Chain mail        |       |    16 |    16 ||    32
Dodge: Dodged            |    79 |   105 |    20 ||   204
Block: Buckler           |       |    31 |    17 ||    48
